 Dungeon Crawl Stone Soup version 0.26-a0-660-gc07710193c (webtiles) character file.

Game seed: 10877527727002857872

44 tom967 the Conjurer (level 3, 0/26 HPs)
             Began as a Demigod Conjurer on Oct 8, 2020.
             Slain by a hobgoblin
             ... wielding a +0 club
              (1 damage)
             ... on level 2 of the Dungeon.
             The game lasted 00:14:25 (1582 turns).

tom967 the Conjurer (Demigod Conjurer)              Turns: 1582, Time: 00:14:25

Health: 0/26       AC:  4    Str: 10    XL:     3   Next: 22%
Magic:  7/9        EV: 12    Int: 24    God:
Gold:   31         SH:  0    Dex: 14    Spells: 3/6 levels left

rFire    . . .     SeeInvis .   g - +0 mace
rCold    . . .     Faith    .   (no shield)
rNeg     . . .     Spirit   .   a - +0 robe
rPois    .         Reflect  .   (no helmet)
rElec    .         Harm     .   (no cloak)
rCorr    .         Rampage  .   (no gloves)
MR       .....                  (no boots)
Stlth    ++........             (no amulet)
HPRegen  0.08/turn              (no ring)
MPRegen  0.11/turn              (no ring)

@: no status effects
A: thin metallic scales 1, high mp 1
a: no special abilities


You were on level 2 of the Dungeon.
You visited 1 branch of the dungeon, and saw 2 of its levels.

You collected 31 gold pieces.

Inventory:

Hand Weapons
 g - a +0 mace (weapon)
Missiles
 b - 119 stones (quivered)
 i - 29 arrows
Armour
 a - a +0 robe (worn)
 e - a +0 scale mail
 j - a +0 chain mail
Scrolls
 c - a scroll of blinking
 f - a scroll of remove curse
 h - a scroll of magic mapping


   Skills:
 + Level 0.9 Armour
 - Level 1.7 Dodging
 - Level 1.8 Stealth
 * Level 2.3 Spellcasting
 * Level 4.2 Conjurations


You had 3 spell levels left.
You knew the following spells:

 Your Spells              Type           Power        Failure   Level
a - Magic Dart            Conj           ###.         1%          1
b - Searing Ray           Conj           ###...       3%          2

Your spell library contained the following spells:

 Spells                   Type           Power        Failure   Level
 Dazzling Flash           Conj/Hex       ##....       14%         3
 Fulminant Prism          Conj/Hex       ##........   43%         4
 Iskenderun's Mystic Bla  Conj/Tloc      ##......     43%         4


Dungeon Overview and Level Annotations

Branches:
Dungeon (2/15)


Innate Abilities, Weirdness & Mutations

You have an increased reservoir of magic. (+10% MP)
You are partially covered in thin metallic scales. (AC +2)


Message History

The leopard gecko closely misses you. The hobgoblin misses you.
The leopard gecko misses you. The gnoll misses you.
The hobgoblin hits you with a +0 club. The leopard gecko misses you.
The leopard gecko misses you.
The gnoll hits you from afar with a +0 spear.
The hobgoblin barely misses you. The leopard gecko bites you.
* * * LOW HITPOINT WARNING * * *
The gnoll closely misses you.
The hobgoblin hits you but does no damage.
The leopard gecko bites you but does no damage.
The gnoll barely misses you. The hobgoblin hits you with a +0 club.
* * * LOW HITPOINT WARNING * * *
The leopard gecko bites you but does no damage.
The gnoll misses you. The leopard gecko barely misses you.
The hobgoblin closely misses you. The gnoll barely misses you.
The leopard gecko closely misses you. The hobgoblin hits you with a +0 club.
You die...

,,,,,*,,,,**,*** *,**
*...,,,,,,,,,,,***.#####***
#..),,,,,,,,,,,,,,......,,*
...,#*,,,,,,,,,***......,,*
.#*.##,,,,,,,,,,,#......,,*
.##...,,,,,,,,,*,.......,,*
.....#*,,,,,,,,##g......,,*
...#.#*,,,,,,,,#lgg.....,,*
.....##,,,,,,,,#@#,,,,,,,,*
......#********#.#*********
....#.# #.# ......#
####.### ......####
##......##
.).##....###†.......##
....####.............#
....# ####..........# ....#
#..........#


You could see 2 gnolls, a leopard gecko and a hobgoblin.

Vanquished Creatures
  An adder (D:2)
  2 dart slugs (D:1)
  A leopard gecko (D:1)
  A giant cockroach (D:2)
  4 goblins
  2 hobgoblins (D:1)
  3 kobolds
  7 bats
  3 frilled lizards
  7 rats
31 creatures vanquished.

Vanquished Creatures (others)
  11 plants (D:1)
11 creatures vanquished.

Grand Total: 42 creatures vanquished

Notes
Turn   | Place    | Note
-------+----------+-------------------------------------------
     0 | D:1      | tom967 the Demigod Conjurer began the quest for the Orb.
     0 | D:1      | Reached XP level 1. HP: 14/14 MP: 5/5
   240 | D:1      | Gained mutation: You have a somewhat thin skeletal
                  | structure. (Dex +2, Stealth) [potion of mutation]
   240 | D:1      | Lost mutation: You have a somewhat thin skeletal structure.
                  | (Dex +2, Stealth) [potion of mutation]
   240 | D:1      | Gained mutation: You are partially covered in thin metallic
                  | scales. (AC +2) [potion of mutation]
   300 | D:1      | Reached XP level 2. HP: 15/20 MP: 0/7
   663 | D:1      | Reached skill level 4 in Conjurations
  1377 | D:2      | Reached XP level 3. HP: 26/26 MP: 3/9
  1440 | D:2      | Learned a level 2 spell: Searing Ray
  1580 | D:2      | HP: 1/26 [hobgoblin/+0 club (4)]
  1582 | D:2      | Slain by a hobgoblin

Illustrated notes

Levels and vault maps discovered:
D:1:      dpeg_arrival_orchard, layout_loops_ring, chequers_big_river
D:2:      layout_rooms, nicolae_ru_great_annihilating_truth, feat_on_display

Skill      XL: |  1  2 |
---------------+-------+-----
Spellcasting   | 2 |  2.3
Conjurations   | 4 |  4.2
Armour         | |  0.9
Dodging        | |  1.7
Stealth        | |  1.8

Action                   || total
-------------------------++-------
Melee: Unarmed           ||     7
 Cast: Magic Dart        ||    48
       Searing Ray       ||     3
  Use: Potion            ||     1
       Scroll            ||     4
Armor: Robe              ||    14
Dodge: Dodged            ||    31

Table legend: (Time is in decaauts)
 A = Elapsed time spent in this place.
 B = Non-inter-level travel time spent in this place.
 C = Inter-level travel time spent in this place.
 D = Time resting spent in this place.
 E = Time spent auto-exploring this place.
 F = Levels seen in this place.
 G = Mean time per level.
                   A        B        C        D        E       F      G
               +--------+--------+--------+--------+--------+-----+--------+
         Total |   1592 |   1200 |    392 |    347 |    534 |   2 |  796.0 |
       Dungeon |   1592 |   1200 |    392 |    347 |    534 |   2 |  796.0 |
               +--------+--------+--------+--------+--------+-----+--------+

Top non-repeatable levels by time:
     D:1: 1354 daAuts
     D:2: 238 daAuts
